 Dungeon Crawl Stone Soup version 0.31-a0-233-g139696dc86 (webtiles) character file.

Game seed: 14188286402263825839

784 Decritt the Trooper (level 8, 0/59 HPs)
             Began as a Djinni Hedge Wizard on July 8, 2023.
             Slain by a goblin
             ... wielding a +0 club
              (2 damage)
             ... on level 4 of the Dungeon.
             The game lasted 00:08:50 (4537 turns).

Decritt the Trooper (Djinni Hedge Wizard)           Turns: 4537, Time: 00:08:51

Health: 0/59       AC:  3    Str: 15    XL:     8   Next: 11%
Gold:   243        EV: 13    Int: 20    God:
                   SH:  0    Dex: 14

rFire   + + .        B - +7 short sword "Caet Yfuci" {flame, Int+3}
rCold   x . .        (no shield)
rNeg    . . .        b - +0 robe
rPois   ∞            c - +1 hat
rElec   .            (no cloak)
rCorr   .            (no gloves)
SInv    .            (boots unavailable)
Will    .....        (no amulet)
Stlth   ++           A - +6 ring of strength
HPRegen 0.29/turn    (no ring)
MPRegen 0.00/turn

%: infuse magic (-1 HP)
@: flying
A: sickness immunity, fire resistance 2, cold vulnerability 1, float, innate
caster, HP casting, extra vitality 1
a: no special abilities


You were on level 4 of the Dungeon.
You visited 1 branch of the dungeon, and saw 4 of its levels.
You also visited: Sewer.

You collected 243 gold pieces.

Inventory:

Hand Weapons
 a - a +0 dagger
 d - a +2 whip of electrocution
 y - the +7 spear "Jellyslayer" {heavy, rElec Dex+3}
   (You found it on level 2 of the Dungeon)

   Dex:       It affects your dexterity (+3).
   rElec:     It insulates you from electricity.
 B - the +7 short sword "Caet Yfuci" (weapon) {flame, Int+3}
   (You found it on level 4 of the Dungeon)

   Int:       It affects your intelligence (+3).
Missiles
 j - a throwing net
Armour
 b - a +0 robe (worn)
 c - a +1 hat (worn)
Magical Staves
 h - a staff of earth
 v - a staff of cold
Jewellery
 A - a +6 ring of strength (left hand)
Wands
 k - a wand of mindburst (18)
 s - a wand of charming (8)
 z - a wand of flame (8)
Scrolls
 f - a scroll of revelation
 i - a scroll of fear
 m - 2 scrolls of enchant armour
 r - a scroll of enchant weapon {unknown}
 C - a scroll of fog
Potions
 e - a potion of attraction {unknown}
 g - 2 potions of haste
 l - a potion of brilliance {unknown}
 n - a potion of resistance {unknown}
 o - a potion of lignification {unknown}
 p - a potion of might {unknown}
 q - 2 potions of invisibility
 t - a potion of curing {unknown}
 u - a potion of mutation {unknown}
 w - a potion of magic {unknown}
 x - 2 potions of heal wounds {unknown}


   Skills:
 * Level 5.2 Fighting
 + Level 4.5 Dodging
 - Level 1.5 Stealth
 * Level 4.8 Spellcasting
 * Level 4.8 Conjurations
 * Level 4.8 Hexes
   Level 0.0 Charms
 * Level 4.8 Summonings
 * Level 4.8 Necromancy
 * Level 4.8 Translocations
 * Level 4.8 Transmutations
 * Level 4.8 Fire Magic
 * Level 4.8 Ice Magic
 * Level 4.8 Air Magic
 * Level 4.8 Earth Magic
 * Level 4.8 Poison Magic


You knew the following spells:

 Your Spells              Type           Power      Damage    Failure   Level
a - Magic Dart            Conj           96%        1d7       1%          1
b - Scorch                Fire           48%        2d7       2%          2
c - Mephitic Cloud        Conj/Pois/Air  24%        N/A       4%          3
d - Call Imp              Summ           48%        N/A       2%          2
e - Apportation           Tloc           48%        N/A       1%          1
f - Slow                  Hex            96%        N/A       1%          1
g - Wereblood             Tmut           24%        N/A       2%          2
z - Blink                 Tloc           48%        N/A       2%          2
Your spell library was empty.

Dungeon Overview and Level Annotations

Branches:
Dungeon (4/15)              Sewer (visited)
 Temple: D:4-7

Altars:
Elyvilon

Annotations:
D:4 2 runed translucent doors, Olga's ghost, amateur OgGl


Innate Abilities, Weirdness & Mutations

You are immune to sickness and miasma.
You are immune to poison.
Your flesh is very heat resistant. (rF++)
You are vulnerable to cold. (rC-)
You float through the air rather than walking.
You learn spells naturally, not from books.
Your magical power is your life essence.
You have superior vitality. (+4 MHP)


Message History

Aiming: Magic Dart (safe; 1% risk of failure)
Press: ? - help, Shift-Dir - straight line, f - goblin
Aim: a goblin, wielding a +0 club and wearing a +0 plate armour (100% to hit)
The magic dart hits the goblin.
The goblin is heavily wounded.
* * * LOW HITPOINT WARNING * * *
Casting: Magic Dart (safe; 1% risk of failure)
Confirm with . or Enter, or press ? or * to list all spells.
Aiming: Magic Dart (safe; 1% risk of failure)
Press: ? - help, Shift-Dir - straight line, f/p - goblin
Aim: a goblin, wielding a +0 club and wearing a +0 plate armour (heavily wounded, 100% to hit)
The magic dart hits the goblin but does no damage.
The goblin is heavily wounded.
* * * LOW HITPOINT WARNING * * *
Casting: Magic Dart (safe; 1% risk of failure)
Confirm with . or Enter, or press ? or * to list all spells.
Aiming: Magic Dart (safe; 1% risk of failure)
Press: ? - help, Shift-Dir - straight line, f/p - goblin
Aim: a goblin, wielding a +0 club and wearing a +0 plate armour (heavily wounded, 100% to hit)
The magic dart hits the goblin but does no damage.
The goblin is heavily wounded.
* * * LOW HITPOINT WARNING * * *
Casting: Magic Dart (safe; 1% risk of failure)
Confirm with . or Enter, or press ? or * to list all spells.
Aiming: Magic Dart (safe; 1% risk of failure)
Press: ? - help, Shift-Dir - straight line, f/p - goblin
Aim: a goblin, wielding a +0 club and wearing a +0 plate armour (heavily wounded, 100% to hit)
The magic dart hits the goblin but does no damage.
The goblin is heavily wounded.
* * * LOW HITPOINT WARNING * * *
Casting: Magic Dart (safe; 1% risk of failure)
Confirm with . or Enter, or press ? or * to list all spells.
Flames lash the goblin.
The goblin is severely wounded.
The goblin's fire resistance burns away.
* * * LOW HITPOINT WARNING * * *
The goblin hits you with a +0 club.
* * * LOW HITPOINT WARNING * * *
The goblin hits you with a +0 club.
You die...

# #............#.###...######## #
#............#.......##..##.. #
#............#........'...'.. #
#............#........#...#.. #
#............#........#...#.. #
###............#'###...##..####
###....#'######.....##...##..####
..'....#..+,,,#.....#............
..#....#..#,,,#.@.#######........
###....#..##+*#.g.#.##≈####......
.....#######..##..#.≈.##* #...###
.....#,,,.........#...~.#########
.....#,,,.........+.#..##.....#..
.....#,,,.......†)+§..$.#.....#..
.....+,,,.........#~⌠.≈##.....##.
....,*,,,.........#.~#.##.....##.
†...,*,**.#######.##~.#####...##.


You could see a goblin (combustible).

Vanquished Creatures
  Sigmund (D:2)
  A black bear (D:4)
  2 bullfrogs (Sewer)
  An orc priest (D:4)
  A hound (D:3)
  4 orc wizards (D:4)
  9 adders
  6 river rats (Sewer)
  3 dart slugs
  3 worms
  7 orcs (D:4)
  4 endoplasms
  2 giant cockroaches
  6 goblins
  5 hobgoblins
  6 kobolds
  A quokka (D:3)
  27 ball pythons
  2 bats
  4 frilled lizards
  22 rats
117 creatures vanquished.

Notes
Turn   | Place    | Note
-------+----------+-------------------------------------------
     0 | D:1      | Decritt the Djinni Hedge Wizard began the quest for the
                  | Orb.
     0 | D:1      | Decritt set off with the following spells memorised: Magic
                  | Dart, Slow, Blink, Call Imp, Mephitic Cloud.
     0 | D:1      | Reached XP level 1. HP: 15/15 MP: 0/0
   143 | D:1      | Reached XP level 2. HP: 13/22 MP: 0/0
   188 | D:1      | Reached skill level 1 in Fighting
   568 | D:1      | Reached XP level 3. HP: 26/27 MP: 0/0
   568 | D:1      | Learned a level 1 spell: Apportation
  1077 | D:2      | Noticed Sigmund
  1476 | D:3      | Reached XP level 4. HP: 27/33 MP: 0/0
  1720 | D:3      | Reached skill level 2 in Fighting
  1743 | D:3      | Found a white marble altar of Elyvilon.
  2436 | D:2      | Identified the +6 plate armour of the World {Will- Str+7
                  | Int-2}
  2716 | D:2      | Identified the +7 spear "Jellyslayer" {heavy, rElec Dex+3}
  2779 | D:2      | Killed Sigmund
  2780 | D:2      | Reached skill level 3 in Fighting
  2780 | D:2      | Reached XP level 5. HP: 22/40 MP: 0/0
  2780 | D:2      | Learned a level 2 spell: Scorch
  2780 | D:2      | Reached XP level 6. HP: 25/46 MP: 0/0
  3056 | D:4      | Found a glowing drain.
  3061 | D:4      | Reached skill level 4 in Fighting
  3068 | Sewer    | Entered a sewer
  3149 | Sewer    | Reached XP level 7. HP: 50/52 MP: 0/0
  3149 | Sewer    | Learned a level 2 spell: Wereblood
  3595 | Sewer    | HP: 1/53 [adder (1)]
  4182 | D:4      | Identified the +7 short sword "Caet Yfuci" {flame, Int+3}
  4199 | D:4      | Found a large runed translucent door.
  4200 | D:4      | Found a large runed translucent door.
  4285 | D:4      | Reached skill level 5 in Fighting
  4508 | D:4      | Noticed Olga's ghost (amateur OgGl)
  4527 | D:4      | Reached XP level 8. HP: 9/59 MP: 0/0
  4536 | D:4      | HP: 2/59 [goblin/+0 club (4)]
  4537 | D:4      | Slain by a goblin

Illustrated notes

Levels and vault maps discovered:
D:1:      matt_arrival_refuge, layout_loops_ring
D:2:      layout_basic, uniq_sigmund
D:3:      layout_loops_corners, elyvilon_altar_3, serial_glass, glass_columns_c,
          glass_columns_a
D:4:      layout_gridville, mainiacjoe_overflow_boulevard, portal_sewer_entry_a,
          ebering_ghost_disaster_area

Skill      XL: |  1  2  3  4  5  6  7 |
---------------+----------------------+-----
Spellcasting   | 3 4 |  4.8
Conjurations   | 3 4 |  4.8
Hexes          | 3 4 |  4.8
Summonings     | 3 4 |  4.8
Necromancy     | 3 4 |  4.8
Translocations | 3 4 |  4.8
Transmutations | 3 4 |  4.8
Fire Magic     | 3 4 |  4.8
Ice Magic      | 3 4 |  4.8
Air Magic      | 3 4 |  4.8
Earth Magic    | 3 4 |  4.8
Poison Magic   | 3 4 |  4.8
Fighting       | 1 3 4 5 |  5.2
Dodging        | 3 4 |  4.5
Stealth        | |  1.5

Action                     |  1- 3 |  4- 6 |  7- 9 || total
---------------------------+-------+-------+-------++-------
  Melee: Spear             |       |    31 |     5 ||    36
         Punch             |       |     1 |       ||     1
         Short sword       |       |       |     4 ||     4
   Cast: Magic Dart        |    75 |    58 |    35 ||   168
         Call Imp          |     2 |     1 |       ||     3
         Scorch            |       |       |    51 ||    51
    Use: Scroll            |       |     8 |     6 ||    14
 Armour: Robe              |     2 |     3 |    15 ||    20
  Dodge: Dodged            |     6 |    20 |    44 ||    70

Table legend: (Time is in decaauts)
 A = Elapsed time spent in this place.
 B = Non-inter-level travel time spent in this place.
 C = Inter-level travel time spent in this place.
 D = Time resting spent in this place.
 E = Time spent auto-exploring this place.
 F = Levels seen in this place.
 G = Mean time per level.
                   A        B        C        D        E       F      G
               +--------+--------+--------+--------+--------+-----+--------+
         Total |   4557 |   4462 |     95 |    543 |   3216 |   5 |  911.4 |
       Dungeon |   3572 |   3477 |     95 |     88 |   2909 |   4 |  893.0 |
         Sewer |    984 |    984 |      0 |    455 |    307 |   1 |  984.0 |
               +--------+--------+--------+--------+--------+-----+--------+

Top non-repeatable levels by time:
     D:3: 1149 daAuts
     D:2: 995 daAuts
   Sewer: 984 daAuts
     D:1: 756 daAuts
     D:4: 672 daAuts
